 Dungeon Crawl Stone Soup version 0.20-a0-435-ga4f17a0 (webtiles) character file.

6958 Implojin the Martial Artist (level 10, -4/83 HPs)
             Began as a Mummy Chaos Knight on Jan 14, 2017.
             Slain by a bezotted killer bee (8 damage)
             ... on level 9 of the Dungeon.
             The game lasted 00:29:32 (12161 turns).

Implojin the Martial Artist (Mummy Chaos Knight)   Turns: 12161, Time: 00:29:33

Health: -4/83      AC: 13    Str: 15    XL:     10   Next: 81%
Magic:  10/10      EV:  6    Int: 14    God:    Xom [..*...]
Gold:   359        SH:  7    Dex: 16    Spells: 9/9 levels left

rFire  . . .     SeeInvis .       - Unarmed
rCold  . . .     Gourm    .     y - +0 scale mail
rNeg   + + +     Faith    .     F - +0 shield
rPois  ∞         Spirit   .     (no helmet)
rElec  .         Reflect  .     C - +1 cloak
rCorr  .         Harm     .     x - +0 pair of gloves
MR     +....                    m - +1 pair of boots
Stlth  ..........               (no amulet)
                                z - ring "Yzinkiem" {AC+2 Int+3}
                                n - ring of fire

@: no status effects
A: no food or potions, fire vulnerability, cold resistance 1, negative energy
resistance 3, torment resistance, unbreathing
a: Renounce Religion


You were on level 9 of the Dungeon.
You worshipped Xom.
You were a toy of Xom.
You were not hungry.

You visited 1 branch of the dungeon, and saw 9 of its levels.
You visited the Abyss 1 time.

You collected 359 gold pieces.

Inventory:

Hand Weapons
 a - the +4 hunting sling of the Stoat {speed, SInv}
   (You found it on level 5 of the Dungeon)

   Attacks with this weapon are significantly faster.
   It lets you see invisible.
 t - a +0 battleaxe
Missiles
 g - 4 tomahawks (quivered)
 l - 223 stones
 M - 43 sling bullets
Armour
 d - a +0 chain mail
 m - a +1 pair of boots (worn)
 u - a +2 leather armour
 v - a +0 ring mail
 x - a +0 pair of gloves (worn)
 y - a +0 scale mail (worn)
 C - a +1 cloak (worn)
 E - a +0 plate armour
 F - a +0 shield (worn)
Magical Staves
 e - an uncursed staff of conjuration
Jewellery
 n - a ring of fire (left hand)
 z - the ring "Yzinkiem" (right hand) {AC+2 Int+3}
   (Xom gifted it to you on level 6 of the Dungeon)

   [ring of protection]

   It affects your AC (+2).
   It affects your intelligence (+3).
Wands
 c - a wand of iceblast (0/15)
 q - a wand of scattershot (0/9)
 G - a wand of iceblast (0/15)
 I - a wand of disintegration (0/24)
Scrolls
 b - 3 scrolls of recharging
 j - a scroll of magic mapping
 o - 2 scrolls of fog
 s - a scroll of amnesia
 w - a scroll of immolation
 A - a scroll of remove curse
Books
 h - a book of the Dragon

   Spells                             Type                      Level
   a - Flame Tongue                   Conjuration/Fire             1
   b - Cause Fear                     Hexes                        4
   c - Bolt of Fire                   Conjuration/Fire             6
   d - Dragon Form                    Transmutation                7
   e - Dragon's Call                  Summoning                    9
 p - a book of Cantrips

   Spells                             Type                      Level
   a - Confusing Touch                Hexes                        1
   b - Animate Skeleton               Necromancy                   1
   c - Summon Small Mammal            Summoning                    1
   d - Apportation                    Translocation                1
Miscellaneous
 f - a lightning rod (inert)


   Skills:
 * Level 9.2 Fighting
 - Level 1.5 Armour
 - Level 0.7 Dodging
 - Level 12.0 Unarmed Combat


You had 9 spell levels left.
You didn't know any spells.

Dungeon Overview and Level Annotations

Branches:
Dungeon (9/15)             Temple (0/1) D:7
   Lair: D:8-11         Orc: D:9-12

Altars:
Cheibriados
Dithmenos
Kikubaaqudgha
Ru
Xom
The Shining One

Annotations:
D:4 Pikel


Innate Abilities, Weirdness & Mutations

You do not eat or drink.
Your flesh is vulnerable to fire.
You are immune to poison.
Your flesh is cold resistant. (rC+)
You are immune to negative energy. (rN+++)
You are immune to unholy pain and torment.
You can survive without breathing.


Message History

You block the bezotted killer bee's attack.
The bezotted killer bee stings you.
* * * LOW HITPOINT WARNING * * *
You punch the bezotted killer bee!
The bezotted killer bee is severely wounded.
The bezotted killer bee stings you but does no damage. x2
Your shield prevents you from hitting the bezotted killer bee.
The bezotted killer bee is severely wounded.
The bezotted killer bee stings you.
* * * LOW HITPOINT WARNING * * *
The bezotted killer bee stings you but does no damage.
You closely miss the bezotted killer bee.
The bezotted killer bee is severely wounded.
You block the bezotted killer bee's attack. x2
You barely miss the bezotted killer bee.
The bezotted killer bee is severely wounded.
You block the bezotted killer bee's attack. x2
You closely miss the bezotted killer bee.
The bezotted killer bee is severely wounded.
The bezotted killer bee stings you.
* * * LOW HITPOINT WARNING * * *
The bezotted killer bee stings you but does no damage.
You miss the bezotted killer bee.
The bezotted killer bee is severely wounded.
The bezotted killer bee stings you.
* * * LOW HITPOINT WARNING * * *
You miss the bezotted killer bee.
The bezotted killer bee is severely wounded.
The bezotted killer bee stings you but does no damage. x2
You completely miss the bezotted killer bee.
The bezotted killer bee is severely wounded.
The bezotted killer bee stings you.
* * * LOW HITPOINT WARNING * * *
Xom is mildly amused.
The bezotted killer bee stings you but does no damage.
You closely miss the bezotted killer bee.
The bezotted killer bee is severely wounded.
You block the bezotted killer bee's attack.
The bezotted killer bee stings you!
You die...

######.†'....##.....##...
###y#####......##....'..######.>.
.y...††...#######....#### #..#
###..####.y.### #....# #### #
####..###....# ###..
###.†#############..##
###..#.......#..###
##y+..8⌠8..'.## ## ###.######
#@.#.......#..###. #........#
#..#############..##
#........##..###......########..
#..........#####......'.#....###
#........# #...#......#.#......#
#........# ###.#......#.'.......
#........# #.').....###.......
#........# ###......# #.......
########## ######## #.......


You could see a bezotted killer bee.

Vanquished Creatures
  A worldbinder (Abyss:2)
  A queen bee (D:9)
  A troll (D:9)
  Grinder (D:5)
  Prince Ribbit (D:8)
  A hippogriff (D:8)
  A hungry ghost (D:7)
  A naga (D:8)
  A hell hound (shapeshifter) (D:8)
  A water moccasin (D:7)
  2 ice beasts
  3 sky beasts
  An orc warrior (D:8)
  4 slaves (D:4)
  2 phantoms
  4 centaurs
  2 ogres
  5 bullfrogs
  A wyvern skeleton (D:8)
  4 scorpions
  4 wights (D:7)
  21 killer bees
  A howler monkey (D:7)
  3 crimson imps
  A centaur zombie (D:7)
  An iron imp (D:7)
  2 jellies
  6 hounds
  A bullfrog skeleton (D:7)
  A centaur skeleton (D:7)
  An orc priest (D:6)
  Crazy Yiuf (D:7)
  3 orc wizards
  4 iguanas
  4 worker ants
  A hound zombie (D:8)
  3 worker ant zombies
  4 gnolls (D:4)
  11 adders
  2 shadow imps
  2 oozes
  An adder zombie (D:7)
  An adder skeleton (D:6)
  4 worms
  A dart slug (D:2)
  3 leopard geckos
  11 orcs
  17 giant cockroaches
  7 goblins
  10 hobgoblins
  15 jackals
  5 kobolds
  5 quokkas
  A ball python (D:3)
  9 bats
  5 frilled lizards
  3 jackal skeletons
  A leopard gecko skeleton (D:4)
  5 rats
219 creatures vanquished.

Vanquished Creatures (collateral kills)
  A two-headed ogre (D:9)
  Pikel (D:4)
  A worker ant (D:6)
  An adder (D:5)
4 creatures vanquished.

Vanquished Creatures (others)
  A killer bee (D:9)
1 creature vanquished.

Grand Total: 224 creatures vanquished

Notes
Turn   | Place    | Note
-------+----------+-------------------------------------------
     0 | D:1      | Implojin the Mummy Chaos Knight began the quest for the Orb.
     0 | D:1      | Reached XP level 1. HP: 18/18 MP: 1/1
   158 | D:1      | Reached XP level 2. HP: 13/24 MP: 2/2
   311 | D:1      | Reached skill level 3 in Unarmed Combat
   649 | D:1      | a bezotted bat gained the power of zot.
   662 | D:1      | XOM: silly message
   859 | D:1      | XOM: harmless Tloc miscast
   944 | D:1      | XOM: divination: detect creatures
  1013 | D:1      | Reached XP level 3. HP: 26/29 MP: 3/3
  1081 | D:1      | XOM is BORED!
  1081 | D:1      | XOM: medium Air miscast
  1190 | D:1      | XOM: divination: detect items
  1600 | D:2      | XOM: silly message
  1732 | D:2      | XOM is BORED!
  1732 | D:2      | XOM: noise
  2290 | D:2      | Found a glowing golden altar of the Shining One.
  2464 | D:2      | XOM: harmless Ice miscast
  2484 | D:3      | Reached skill level 4 in Unarmed Combat
  2484 | D:3      | Reached XP level 4. HP: 19/35 MP: 4/4
  2585 | D:3      | XOM: divination: detect creatures
  2921 | D:3      | XOM: mild Necr miscast
  2993 | D:3      | XOM is BORED!
  2993 | D:3      | XOM: summons 2 hostile shadow creatures
  3092 | D:3      | XOM: god gift: lightning rod (4/4)
  3407 | D:3      | Found a sacrificial altar of Ru.
  3879 | D:4      | Reached XP level 5. HP: 33/41 MP: 5/5
  4014 | D:3      | Reached skill level 5 in Unarmed Combat
  4144 | D:4      | XOM: scenery: create altars
  4153 | D:4      | XOM: fog
  4282 | D:4      | XOM: scenery: create altars
  4350 | D:4      | Reached skill level 4 in Fighting
  4350 | D:4      | Reached XP level 6. HP: 44/48 MP: 6/6
  4588 | D:4      | Noticed a slave
  4588 | D:4      | Noticed a slave
  4591 | D:4      | XOM: enchant monster (good)
  4602 | D:4      | Killed a slave
  4617 | D:4      | Killed a slave
  4721 | D:4      | Noticed Pikel
  4724 | D:4      | Noticed a slave
  4724 | D:4      | XOM: enchant monster (bad)
  4725 | D:4      | Noticed a slave
  4738 | D:4      | XOM: chaos cloud
  4739 | D:4      | XOM: scenery: create altars
  4740 | D:4      | Killed a slave
  4740 | D:4      | Killed a slave
  4772 | D:4      | HP: 2/49 [something (1)]
  4790 | D:4      | something gained the power of zot.
  4793 | D:4      | XOM: chaos cloud
  4801 | D:4      | XOM: enchant monster (good)
  4822 | D:4      | XOM: stat loss: -1 Str (14/15)
  4825 | D:4      | XOM: swap monsters
  4827 | D:4      | XOM: cast spell 'Summon Dragon'
  4829 | D:4      | Killed the bezotted Pikel
  4829 | D:4      | Reached skill level 7 in Fighting
  4829 | D:4      | Reached XP level 7. HP: 10/60 MP: 7/7
  4932 | D:4      | XOM: severe Tloc miscast
  4932 | D:4      | Cast into level 2 of the Abyss (the severe capriciousness of Xom)
  5000 | Abyss:2  | Noticed a worldbinder
  5006 | Abyss:2  | Noticed a wraith
  5008 | Abyss:2  | Noticed a shadow
  5016 | Abyss:2  | XOM: harmless Air miscast
  5017 | Abyss:2  | Noticed a necromancer
  5017 | Abyss:2  | Noticed a necromancer
  5017 | Abyss:2  | XOM: cast spell 'Olgreb's Toxic Radiance'
  5020 | Abyss:2  | Noticed a wraith
  5036 | Abyss:2  | Noticed a wraith
  5037 | Abyss:2  | a bezotted worldbinder gained the power of zot.
  5038 | Abyss:2  | Noticed a wraith
  5040 | Abyss:2  | Noticed a necromancer
  5047 | Abyss:2  | XOM: scenery: create altars
  5051 | Abyss:2  | Noticed a shadow
  5053 | Abyss:2  | Noticed a necromancer
  5053 | Abyss:2  | Noticed a wraith
  5058 | Abyss:2  | Noticed a wraith
  5058 | Abyss:2  | Noticed a necromancer
  5058 | Abyss:2  | Noticed a shadow
  5058 | Abyss:2  | Killed a bezotted worldbinder
  5058 | Abyss:2  | Reached skill level 6 in Unarmed Combat
  5058 | Abyss:2  | Reached XP level 8. HP: 32/67 MP: 8/8
  5060 | D:4      | Escaped the Abyss
  5181 | D:4      | XOM: summons 4 hostile demons
  5537 | D:5      | Entered Level 5 of the Dungeon
  5541 | D:5      | Noticed Grinder
  5541 | D:5      | Paralysed by Grinder for 7 turns
  5542 | D:5      | XOM: enchant monster (good)
  5564 | D:5      | XOM: repel stairs
  5566 | D:5      | XOM: enchant monster (good)
  5569 | D:5      | Found an ancient bone altar of Kikubaaqudgha.
  5729 | D:5      | Found a shadowy altar of Dithmenos.
  5750 | D:5      | Reached skill level 7 in Unarmed Combat
  5940 | D:5      | Got a dazzling hunting sling
  5959 | D:5      | Paralysed by Grinder for 4 turns
  5969 | D:5      | XOM: god gift: ring mail {god gift}
  5984 | D:5      | Killed Grinder
  6116 | D:5      | Reached skill level 8 in Unarmed Combat
  6186 | D:5      | Identified the +4 hunting sling of the Stoat {speed, SInv} (You found it on level 5 of the Dungeon)
  6729 | D:5      | Reached XP level 9. HP: 72/72 MP: 9/9
  6824 | D:6      | XOM: god gift: glittering bone ring {god gift}
  6825 | D:6      | Got a glittering bone ring {god gift}
  6831 | D:6      | XOM: summons friendly ufetubus
  7029 | D:6      | XOM: 1-stop teleportation journey
  7038 | D:6      | XOM: enchant monster (good)
  7046 | D:6      | Reached skill level 9 in Unarmed Combat
  7404 | D:6      | Identified the ring "Yzinkiem" {AC+2 Int+3} (Xom gifted it to you on level 6 of the Dungeon)
  7474 | D:6      | XOM: cloud trail
  7598 | D:6      | XOM: summons 4 hostile demons
  7720 | D:6      | XOM: summons 1 hostile demon
  7938 | D:6      | XOM: medium Conj miscast
  8033 | D:6      | XOM: divination: detect creatures
  8115 | D:6      | XOM: scenery: create altars
  8287 | D:7      | Found a staircase to the Ecumenical Temple.
  8351 | D:7      | XOM: smoke on damage
  8361 | D:7      | XOM: harmless Chrm miscast
  8504 | D:7      | Found a snail-covered altar of Cheibriados.
  8504 | D:7      | XOM: 3-stop teleportation journey
  8585 | D:7      | Reached skill level 10 in Unarmed Combat
  8846 | D:7      | XOM: summons 6 friendly demons
  8902 | D:7      | XOM: confuse monster(s)
  9229 | D:7      | Reached XP level 10. HP: 71/79 MP: 10/10
  9236 | D:7      | XOM is BORED!
  9236 | D:7      | XOM: enchant monster (bad)
  9241 | D:7      | XOM: god gift: gold wand {god gift}
  9382 | D:7      | Found a runed door.
  9487 | D:7      | XOM: god gift: glowing robe {god gift}
  9574 | D:7      | Noticed Crazy Yiuf
  9578 | D:7      | Killed Crazy Yiuf
  9578 | D:7      | Reached skill level 11 in Unarmed Combat
  9719 | D:7      | XOM: cloud trail
 10020 | D:8      | Noticed Prince Ribbit
 10024 | D:8      | Killed Prince Ribbit
 10137 | D:8      | XOM: summons 4 friendly demons
 10373 | D:8      | Noticed Joseph
 10375 | D:8      | Joseph changed into Joseph the hell hound
 10375 | D:8      | XOM: polymorph Joseph -> Joseph the hell hound
 10559 | D:8      | XOM: scenery: create altars
 10698 | D:8      | Noticed Maurice
 10719 | D:8      | Noticed Maurice
 10719 | D:8      | Maurice changed into Maurice the naga
 10719 | D:8      | XOM: polymorph Maurice -> Maurice the naga
 10728 | D:8      | Killed Maurice the naga
 11073 | D:9      | XOM is BORED!
 11073 | D:9      | XOM: 3-stop teleportation journey
 11164 | D:9      | XOM: noise
 11435 | D:9      | XOM: potion effect (brilliance)
 11446 | D:9      | Reached skill level 12 in Unarmed Combat
 11768 | D:9      | Noticed a two-headed ogre
 11770 | D:9      | XOM: cast spell 'Call Canine Familiar'
 11774 | D:9      | Killed a two-headed ogre
 11774 | D:9      | Reached skill level 8 in Fighting
 12105 | D:9      | XOM: destruction
 12108 | D:9      | XOM: divine lightning
 12114 | D:9      | XOM: harmless Fire miscast
 12134 | D:9      | Reached skill level 9 in Fighting
 12147 | D:9      | something gained the power of zot.
 12160 | D:9      | HP: 4/83 [bezotted killer bee (6)]
 12161 | D:9      | Slain by a bezotted killer bee

Vault maps used:
D:1:      tarquinn_simple_flora_water_b
D:2:      lemuel_crystal_altar
D:3:      minmay_roachtagon, hangedman_ru_absence, first_bread
D:4:      uniq_pikel
D:5:      kennysheep_mini, kiku_gazebo_pond_becter, supply_closet_lemuel,
          mumra_transporter_accident, uniq_grinder
D:7:      wad_crossroads, slow_altar_1, grunt_decor_fettered,
          uniq_crazy_yiuf_cottage
D:8:      uniq_prince_ribbit1, uniq_maurice, uniq_joseph
D:9:      david_nohive_1, grunt_decor_clamped

Skill      XL: |  1  2  3  4  5  6  7  8  9 10 |
---------------+-------------------------------+-----
Unarmed Combat | 3 4 5 6 8 10 12 | 12.0
Fighting       | 4 7 9 |  9.2
Armour         | |  1.5
Dodging        | |  0.7

Action                   |  1- 3 |  4- 6 |  7- 9 | 10-12 || total
-------------------------+-------+-------+-------+-------++-------
Melee: Unarmed           |   203 |   231 |   425 |   262 ||  1121
       Punch             |     2 |     8 |    12 |     8 ||    30
 Fire: Hunting sling     |       |       |    20 |    30 ||    50
Throw: Tomahawk          |       |     5 |     4 |     2 ||    11
       Throwing net      |       |       |       |     1 ||     1
Evoke: Lightning rod     |       |     4 |     4 |     4 ||    12
       Wand              |       |       |       |    10 ||    10
  Use: Scroll            |     4 |     4 |     5 |     7 ||    20
 Stab: Petrified         |       |     9 |       |       ||     9
       Paralysed         |       |       |     5 |       ||     5
       Sleeping          |       |       |     2 |       ||     2
       Confused          |       |       |     1 |       ||     1
       Held in net/web   |       |       |       |     2 ||     2
Armor: Leather armour    |    29 |    73 |   161 |    43 ||   306
       Ring mail         |    32 |       |       |       ||    32
       Scale mail        |       |       |       |    96 ||    96
Dodge: Dodged            |    96 |   105 |   181 |   114 ||   496
Block: Shield            |       |       |       |    79 ||    79

Table legend:
 A = Turns spent in this place as a percentage of turns spent in the entire game.
 B = Non-inter-level travel turns spent in this place as a percentage of non-inter-level travel turns spent in the entire game.
 C = Inter-level travel turns spent in this place as a percentage of turns spent in this place.
 D = Turns resting spent in this place as a percentage of non-inter-level travel turns spent in this place.
 E = Turns spent auto-exploring this place as a percentage of non-inter-level travel turns spent in this place.
 F = Non-inter-level travel turns spent in this place divided by the number of levels of this place that you've seen.
                   A       B       C       D       E      F
               +-------+-------+-------+-------+-------+----------------------
         Total | 100.0 | 100.0 |   0.4 |   4.7 |   7.1 | 341.1
       Dungeon |  97.8 |  97.7 |   0.4 |   4.7 |   7.3 | 370.4
         Abyss |   2.2 |   2.3 |   0.0 |   7.8 |   0.0 |  77.0
               +-------+-------+-------+-------+-------+----------------------

Table legend:
 A = Kills in this place as a percentage of kills in entire the game.
 B = Kills by you in this place as a percentage of kills by you in the entire game.
 C = Kills by friends in this place as a percentage of kills by friends in the entire game.
 D = Other kills in this place as a percentage of other kills in the entire game.
 E = Experience gained in this place as a percentage of experience gained in the entire game.
 F = Experience gained in this place divided by the number of levels of this place that you have seen.
                   A       B       C       D       E      F
               +-------+-------+-------+-------+-------+----------------------
         Total | 100.0 | 100.0 | 100.0 |  -nan | 100.0 | 994.0
       Dungeon |  99.5 |  99.5 | 100.0 |  -nan |  92.9 | 1025.7
         Abyss |   0.5 |   0.5 |   0.0 |  -nan |   7.1 | 709.0
               +-------+-------+-------+-------+-------+----------------------
